Map: Blueshift LE

Players

Neeb

  • Race: Protoss Protoss
  • Spawn Location: 1:00

Maru - Winner!

  • Race: Terran Terran
  • Spawn Location: 7:00

Event: 2018 WCS Global Finals

VOD

Have the link to the VOD?

Description

Time

  • Played on: Oct. 26, 2018, 3:49 p.m.
  • Length: 7:07

All games in this series

Show
View Real Time Build Order
Export as new Build Order

Neeb Protoss 

Build Orders: 1 Gate Expand 

Get SALT Encoding   

  12  0:00  Probe  
  13  0:12  Probe  
  14  0:17  Pylon  
  14  0:24  Probe  
  15  0:32  Probe  
  15  0:37  Gateway  
  15  0:42  Probe  
  16  0:44  Assimilator  
  17  0:53  Probe  
  18  1:06  Probe  
  19  1:18  Probe  
  20  1:26  Cybernetics Core  
  20  1:32  Nexus  
  20  1:37  Zealot  
  22  1:45  Pylon  
  22  1:48  Probe  
  23  1:55  Assimilator, Stalker  
  23  2:03  Probe  
  26  2:15  Probe  
  26  2:27  Probe  
  27  2:30  Robotics Facility, Stalker  
  29  2:48  Shield Battery  
  29  2:51  Stalker  
  29  2:54  Shield Battery  
  31  3:07  Probe x2  
  33  3:12  Immortal  
  35  3:29  Stalker  
  36  3:34  Warp Gate  
  36  3:41  Pylon  
  36  3:50  Immortal  
  38  4:05  Probe  
  37  4:11  Probe  
  36  4:23  Stalker  
  33  4:26  Immortal  
  33  4:56  Gateway  
  29  5:00  Gateway  
  29  5:04  Warp Prism  
  31  5:17  Pylon  
  31  5:25  Pylon  
  31  5:37  Sentry  
  33  5:51  Observer  
  33  5:56  Sentry x2  
  38  6:00  Stalker  
  40  6:08  Pylon  
  40  6:25  Stalker x2  
  40  6:28  Stalker  
  45  6:49  Stalker x3  
Show
View Real Time Build Order
Export as new Build Order

Maru Terran - Winner!

Build Orders: Cyclone Opening 

Get SALT Encoding   

  12  0:00  SCV  
  13  0:12  SCV  
  14  0:17  Supply Depot  
  14  0:24  SCV  
  15  0:38  SCV  
  15  0:41  Barracks  
  16  0:45  Refinery  
  16  0:50  SCV  
  16  0:55  Refinery  
  17  1:02  SCV  
  18  1:14  SCV  
  19  1:27  Orbital Command  
  19  1:28  Reaper  
  20  1:37  Supply Depot  
  20  1:48  Factory  
  20  1:52  SCV  
  21  2:00  Supply Depot  
  21  2:01  Barracks Tech Lab  
  21  2:04  SCV  
  22  2:18  SCV  
  22  2:20  Marauder, Concussive Shells  
  25  2:31  Cyclone  
  25  2:32  SCV  
  29  2:39  Supply Depot  
  29  2:42  Marauder  
  31  2:46  SCV  
  32  2:58  SCV  
  33  3:03  Cyclone  
  36  3:10  SCV  
  36  3:22  Marauder, SCV  
  37  3:28  Starport  
  37  3:31  Bunker  
  37  3:34  SCV  
  37  3:40  Cyclone  
  40  3:45  Marauder  
  40  3:46  SCV  
  41  4:06  Marauder  
  36  4:13  Cyclone  
  36  4:16  SCV  
  35  4:28  Marauder  
  35  4:30  Command Center  
  35  4:38  SCV  
  35  4:45  Cyclone  
  39  4:49  Marauder  
  36  4:54  SCV  
  36  4:55  Starport Tech Lab  
  37  5:06  SCV  
  38  5:13  Cloaking Field  
  38  5:18  Banshee, SCV  
  42  5:26  Barracks  
  42  5:33  SCV  
  43  5:37  Barracks  
  44  5:44  Bunker  
  44  5:46  Orbital Command  
  43  6:00  Bunker  
  43  6:01  Banshee  
  46  6:12  SCV x2  
  46  6:14  Marine  
  49  6:23  Barracks  
  49  6:27  Orbital Command  
  49  6:31  Marine  
  49  6:32  Marine  
  54  6:42  SCV  
  54  6:48  Marine  
  54  6:55  SCV  
Tags
 
Add a new tag
Caveats
  • Supply blocks, unpowered buildings, or Contaminate may cause inaccurate times.
  • Supply counts are checked every 10 seconds.